 Dungeon Crawl Stone Soup version 0.28-a0-643-g84cb2ea78e (webtiles) character file.

Game seed: 15358660407113371025

228 Irenicus the Digger (level 5, -3/42 HPs)
             Began as a Deep Dwarf Earth Elementalist on Oct 10, 2021.
             Shot with an arrow by a centaur (10 damage)
             ... on level 4 of the Dungeon.
             The game lasted 00:14:55 (2061 turns).

Irenicus the Digger (Deep Dwarf Earth Elementalist) Turns: 2061, Time: 00:14:55

Health: -3/42      AC:  4    Str: 11    XL:     5   Next: 71%
Magic:  4/9        EV: 12    Int: 23    God:
Gold:   135        SH:  0    Dex: 19    Spells: 3/9 levels left

rFire   . . .      SeeInvis .   a - +1 dagger
rCold   . . .      Faith    .   (no shield)
rNeg    . . .      Spirit   .   f - +0 leather armour
rPois   .          Reflect  .   (no helmet)
rElec   .          Harm     .   (no cloak)
rCorr   .          Rampage  .   (no gloves)
Will    .....                   d - +0 pair of boots
Stlth   ++........              (no amulet)
HPRegen 0.00/turn               D - +6 ring of dexterity
MPRegen 0.11/turn               I - +6 ring of intelligence

@: no status effects
A: damage resistance, heal wounds, sense surroundings 1, no regeneration
a: Heal Wounds


You were on level 4 of the Dungeon.
You visited 1 branch of the dungeon, and saw 4 of its levels.

You collected 135 gold pieces.


Innate Abilities, Weirdness & Mutations

You are resistant to damage.
You can heal yourself by infusing magical energy.
You passively map a small area around you.
You do not regenerate.


   Skills:
 - Level 2.1 Dodging
 - Level 2.4 Stealth
 + Level 2.7 Spellcasting
 - Level 0.8 Transmutations
 + Level 7.8 Earth Magic


You had 3 spell levels left.
You knew the following spells:

 Your Spells              Type           Power      Damage    Failure   Level
t - Stone Arrow           Conj/Erth      42%        3d9       10%         3
w - Passwall              Tmut/Erth      19%        N/A       4%          2
z - Sandblast             Erth           78%        2d17      1%          1

Your spell library contained the following spells:

 Spells                   Type           Power      Damage    Failure   Level
 Magic Dart               Conj           12%        1d3       16%         1
 Call Imp                 Summ           3%         N/A       24%         2
 Mephitic Cloud           Conj/Pois/Air  3%         N/A       43%         3
 Swiftness                Air            3%         N/A       43%         3
 Petrify                  Tmut/Erth      23%        N/A       26%         4
 Invisibility             Hex            1%         N/A       100%        6

Inventory:

Hand Weapons
 a - a +1 dagger (weapon)
Missiles
 b - 12 poisoned darts
 c - 31 stones
Armour
 d - a +0 pair of boots (worn)
 f - a +0 leather armour (worn)
 h - a +0 buckler
Jewellery
 D - a +6 ring of dexterity (left hand)
 I - a +6 ring of intelligence (right hand)
Scrolls
 g - a scroll of noise
 i - a scroll of identify {unknown}
Potions
 e - a potion of lignification

Dungeon Overview and Level Annotations

Branches:
Dungeon (4/15)
 Temple: D:4-7

Altars:
Beogh

####
######..###############
......................#
#####..#############.#
#..# #.# * #..# #.#
#..# ########.# * #@.#
* ,.........# * #..# *,
########## #....
........ #...#..
######## , #...#,..#
######## #.... ..
........ #..... .
..#.... #.....c ,
...'.... * * .░.#....


You could see a centaur.


Message History

The blast of sand hits the giant cockroach!!
You kill the giant cockroach!
Found a book of Minor Magic.
You see here a giant cockroach corpse.
(D) Dungeon
Where to? (? - help)
Okay, then.
Okay, then.
You see here a +0 short sword.
You open the door.
Found an escape hatch in the floor.
Found a scroll labelled YTAEGE ROYBUISCH.
You pick up a book of Minor Magic and begin reading...
You add the spells Magic Dart, Call Imp and Mephitic Cloud to your library.
i - a scroll labelled YTAEGE ROYBUISCH
Casting: Sandblast (safe; 1% risk of failure)
Confirm with . or Enter, or press ? or * to list all spells.
Aiming: Passwall (safe; 4% risk of failure)
Press: ? - help, Dir - move target A rock wall.
You finish merging with the rock.
An endoplasm comes into view.
The helpless endoplasm fails to defend itself.
You puncture the endoplasm!
You kill the endoplasm!
A centaur comes into view.
The centaur shouts!
The centaur wields a +0 shortbow.
The centaur shoots an arrow.
The arrow hits you!
You die...

Skill      XL: |  1  2  3  4 |
---------------+-------------+-----
Earth Magic    | 5 6 7 |  7.8
Spellcasting   | 2 |  2.7
Dodging        | |  2.1
Stealth        | |  2.4
Transmutations | |  0.8

Action                   |  1- 3 |  4- 6 || total
-------------------------+-------+-------++-------
Melee: Dagger            |    19 |    18 ||    37
 Cast: Sandblast         |    49 |    39 ||    88
       Passwall          |    12 |     8 ||    20
       Stone Arrow       |       |     2 ||     2
  Use: Scroll            |       |     5 ||     5
       Potion            |       |     2 ||     2
 Stab: Sleeping          |    10 |     3 ||    13
Armor: Robe              |     2 |       ||     2
       Leather armour    |    10 |    13 ||    23
Dodge: Dodged            |    20 |    22 ||    42

Levels and vault maps discovered:
D:1:      grunt_arrival_crossed_arrows, layout_loops_ring, minmay_misc_feat_rows
D:2:      layout_basic, hellmonk_ecumenical_altar_defaced_shrine
D:3:      layout_basic, minmay_misc_feat_four_crosses, uniq_ijyb
D:4:      layout_basic, nicolae_tso_besieged_by_evil,
          minmay_temple_entry_crystal_x, serial_curves, eino_curves_01,
          eino_curves_03

Notes
Turn   | Place    | Note
-------+----------+-------------------------------------------
     0 | D:1      | Irenicus the Deep Dwarf Earth Elementalist began the quest
                  | for the Orb.
     0 | D:1      | Reached XP level 1. HP: 15/15 MP: 3/3
    93 | D:1      | Reached XP level 2. HP: 22/22 MP: 0/4
   162 | D:1      | Reached skill level 5 in Earth Magic
   188 | D:1      | Learned a level 2 spell: Passwall
   419 | D:1      | Reached XP level 3. HP: 28/28 MP: 1/5
   763 | D:2      | Reached skill level 6 in Earth Magic
   872 | D:2      | Found a faded altar of an unknown god.
  1289 | D:3      | Reached XP level 4. HP: 32/36 MP: 4/6
  1412 | D:3      | Noticed Ijyb
  1451 | D:3      | Identified a potion of resistance
  1462 | D:3      | Paralysed by Ijyb for 2 turns
  1468 | D:3      | Paralysed by Ijyb for 4 turns
  1474 | D:3      | Paralysed by Ijyb for 6 turns
  1510 | D:3      | Killed Ijyb
  1511 | D:3      | Reached skill level 7 in Earth Magic
  1822 | D:4      | Noticed a phantom
  1837 | D:4      | Killed a phantom
  1838 | D:4      | Reached skill level 2 in Spellcasting
  1838 | D:4      | Reached XP level 5. HP: 7/42 MP: 0/8
  2002 | D:4      | Learned a level 3 spell: Stone Arrow
  2061 | D:4      | Noticed a centaur
  2061 | D:4      | Shot with an arrow by a centaur

Vanquished Creatures
  A phantom (D:4)
  Ijyb (D:3)
  An iguana (D:4)
  An adder (D:4)
  A worm (D:2)
  3 dart slugs
  2 orcs (D:2)
  5 ball pythons
  4 bats
  9 endoplasms
  4 giant cockroaches
  6 goblins
  6 hobgoblins
  6 jackals
  10 kobolds
  4 quokkas
  7 frilled lizards
  3 rats
74 creatures vanquished.

Table legend: (Time is in decaauts)
 A = Elapsed time spent in this place.
 B = Non-inter-level travel time spent in this place.
 C = Inter-level travel time spent in this place.
 D = Time resting spent in this place.
 E = Time spent auto-exploring this place.
 F = Levels seen in this place.
 G = Mean time per level.
                   A        B        C        D        E       F      G
               +--------+--------+--------+--------+--------+-----+--------+
         Total |   2058 |   2033 |     25 |     60 |      0 |   4 |  514.5 |
       Dungeon |   2058 |   2033 |     25 |     60 |      0 |   4 |  514.5 |
               +--------+--------+--------+--------+--------+-----+--------+

Top non-repeatable levels by time:
     D:2: 648 daAuts
     D:1: 593 daAuts
     D:3: 531 daAuts
     D:4: 285 daAuts

Table legend:
 A = Non-vault XP
 B = Vault XP
 C = Vault XP percentage of total XP
 D = Non-vault monster count
 E = Vault monster count
 F = Vault count percentage of total count
                 A         B        C        D         E       F
            +---------+---------+-------+---------+---------+-------
      Total |     283 |      44 |  13.5 |      71 |       3 |   4.1
            +---------+---------+-------+---------+---------+-------
        D:1 |      45 |       0 |   0.0 |      23 |       0 |   0.0
        D:2 |      45 |       6 |  11.8 |      24 |       2 |   7.7
        D:3 |      25 |      38 |  60.3 |      14 |       1 |   6.7
        D:4 |     168 |       0 |   0.0 |      10 |       0 |   0.0
            +---------+---------+-------+---------+---------+-------
